 Dungeon Crawl Stone Soup version bcrawl-1.19.2-6-g6a88ae04c9 (webtiles) character file.

Game seed: 17565102508372640712

32 Anathary the Sneak (level 3, 26/26 HPs)
             Began as an Oni Venom Mage on Dec 20, 2019.
             Got out of the dungeon alive.
             The game lasted 00:04:37 (1097 turns).

Anathary the Sneak (Oni Venom Mage)                 Turns: 1097, Time: 00:04:37

Health: 26/26      AC:  2    Str: 11    XL:     3   Next: 27%
Magic:  7/7        EV: 12    Int: 17    God:
Gold:   30         SH:  0    Dex: 11    Spells: 3/5 levels left

rFire    . . .     SeeInvis .   b - +0 dagger (drain)
rCold    . . .     Gourm    .   (no shield)
rNeg     . . .     Faith    .   a - +0 animal skin
rPois    .         Spirit   .   (helmet restricted)
rElec    .         Reflect  .   (no cloak)
rCorr    .         Harm     .   (no gloves)
MR       .....                  (no boots)
Stlth    ++........             (no amulet)
HPRegen  0.08/turn              (no ring)
MPRegen  0.10/turn              (no ring)

@: no status effects
A: oni magic, claws 1, fangs 1, horns 1
a: no special abilities


You escaped.
You were not hungry.

You visited 1 branch of the dungeon, and saw 1 of its levels.

You collected 30 gold pieces.

Inventory:

Hand Weapons
 b - a +0 dagger of draining (weapon)
Armour
 a - a +0 animal skin (worn)
Scrolls
 e - a scroll of enchant weapon {unknown}
 g - a scroll of fog {unknown}
 i - a scroll of noise {unknown}
 j - a scroll of identify {unknown}
Potions
 c - a potion of berserk rage
 d - a potion of degeneration
 h - a potion of ambrosia {unknown}
Comestibles
 f - 3 rations {!d}
 k - 2 chunks of flesh


   Skills:
 * Level 0.5 Short Blades
 + Level 2.2 Dodging
 + Level 2.5 Stealth
 + Level 1.7 Spellcasting
   Level 1.7 Conjurations
   Level 1.7 Hexes
   Level 1.7 Charms
   Level 1.7 Summonings
   Level 1.7 Necromancy
   Level 1.7 Translocations
   Level 1.7 Transmutations
   Level 1.7 Fire Magic
   Level 1.7 Ice Magic
   Level 1.7 Air Magic
   Level 1.7 Earth Magic
   Level 1.7 Poison Magic


You had 3 spell levels left.
You knew the following spells:

 Your Spells              Type           Power        Failure   Level  Hunger
a - Sting                 Conj/Pois      #...         10%         1    ##.....
b - Apportation           Tloc           #.....       9%          1    ##.....

Your spell library contained the following spells:

 Spells                   Type           Power        Failure   Level  Hunger
 Poisonous Vapours        Pois/Air       #.....       16%         2    ###....
 Ignite Poison            Fire/Tmut/Pois #.......     30%         3    ####...
 Olgreb's Toxic Radiance  Pois           #.......     65%         4    #####..
 Summon Scorpions         Summ/Pois      #.......     69%         4    #####..
 Venom Bolt               Conj/Pois      #.........   95%         5    ######.


Dungeon Overview and Level Annotations

Branches:
Dungeon (1/12)

Altars:


Innate Abilities, Weirdness & Mutations

You learn spells by gaining experience, not through books or religion.
You only train spellcasting to practice magic.
You have sharp fingernails.
You have very sharp teeth.
You have a pair of small horns on your head.


Message History

The bat barely misses you. The bat misses you. The bat barely misses you.
You hit the bat.
You kill the bat!
No target in view!
No target in view!
You see here a bat corpse.
Done exploring.
No target in view!
No target in view!
Done exploring.
No target in view!
No target in view!
No target in view!
Done exploring.
There is a staircase leading out of the dungeon here.
Are you sure you want to leave the Dungeon?
This will make you lose the game!
Uppercase [Y]es or [N]o only, please.
Are you sure you want to leave the Dungeon?
This will make you lose the game!
You have escaped!

#.# #.#.# #.# #.#.###
######.#####.....##########
#...^.....................#
#.#####.#####.#####.#####.#
#..###...###...###...###..#
#...#.....#.....#.....#...#
#....#####.......#####....#
#.....###....@....###.)...#
##.....#...........#.....##
##.....#####.#####......#
##.....###...###.....#.#####
##.....#.....#.....##......
##.....#####.....#########
##.....###.....##
##.....#.....##
##.........##


There were no monsters in sight!

Vanquished Creatures
  2 dart slugs (D:1)
  A giant cockroach (D:1)
  4 goblins (D:1)
  3 hobgoblins (D:1)
  6 jackals (D:1)
  5 bats (D:1)
  A frilled lizard (D:1)
  A kobold (D:1)
  3 rats (D:1)
26 creatures vanquished.

Notes
Turn   | Place    | Note
-------+----------+-------------------------------------------
     0 | D:1      | Anathary the Oni Venom Mage began the quest for the Orb.
     0 | D:1      | Reached XP level 1. HP: 14/14 MP: 4/4
   250 | D:1      | Reached XP level 2. HP: 18/20 MP: 6/6
   757 | D:1      | Reached XP level 3. HP: 19/26 MP: 7/7
   875 | D:1      | Learned a level 1 spell: Apportation
  1097 | D:$      | Got out of the dungeon alive.

Skill      XL: |  1  2 |
---------------+-------+-----
Stealth        | 2 |  2.5
Dodging        | 2 |  2.2
Short Blades   | |  0.5
Spellcasting   | |  1.7
Conjurations   | |  1.7
Hexes          | |  1.7
Charms         | |  1.7
Summonings     | |  1.7
Necromancy     | |  1.7
Translocations | |  1.7
Transmutations | |  1.7
Fire Magic     | |  1.7
Ice Magic      | |  1.7
Air Magic      | |  1.7
Earth Magic    | |  1.7
Poison Magic   | |  1.7

Action                   || total
-------------------------++-------
Melee: Dagger            ||    79
       Headbutt          ||     8
       Unarmed           ||     1
       Bite              ||     3
 Cast: Sting             ||     3
 Stab: Sleeping          ||     5
  Eat: Chunk             ||     1
Armor: Animal skin       ||    11
Dodge: Dodged            ||    59
